 Dungeon Crawl Stone Soup version 0.24.0-125-gc4c63601f3 (webtiles) character file.

Game seed: 10634819544189000978, levelgen mode: deterministic

88 MajorAdolf the Sneak (level 4, -6/38 HPs)
             Began as a Naga Wanderer on Mar 13, 2020.
             Killed by divine providence
             ... invoked by an orc priest
              (15 damage)
             ... on level 4 of the Dungeon.
             The game lasted 00:08:31 (2676 turns).

MajorAdolf the Sneak (Naga Wanderer)                Turns: 2676, Time: 00:08:32

Health: -6/38      AC:  2    Str: 16    XL:     4   Next: 53%
Magic:  4/4        EV: 11    Int: 12    God:
Gold:   76         SH:  0    Dex: 15    Spells: 3/3 levels left

rFire    + . .     SeeInvis +   a - +3 whip
rCold    + . .     Gourm    .   t - +0 large shield
rNeg     . . .     Faith    .   (no armour)
rPois    +         Spirit   .   (no helmet)
rElec    +         Reflect  +   (no cloak)
rCorr    +         Harm     .   r - +0 pair of gloves
MR       .....                  (no barding)
Stlth    ++........             l - +2 amulet of reflection
HPRegen  0.12/turn              (no ring)
MPRegen  0.09/turn              (no ring)

@: confused, agile, resistant, very slow
A: large, see invisible, deformed body, poison resistance, slowness 2, slow
metabolism 1, spit poison 1, AC +1
a: Spit Poison


You were on level 4 of the Dungeon.
You were not hungry.

You visited 1 branch of the dungeon, and saw 4 of its levels.

You collected 76 gold pieces.

Inventory:

Hand Weapons
 a - a +3 whip (weapon)
 e - a +0 dagger
 g - a cursed -1 war axe
 p - a +0 hand axe
 u - a +1 flail of protection
Armour
 b - a +0 ring mail
 r - a +0 pair of gloves (worn)
 t - a +0 large shield (worn)
Jewellery
 l - a +2 amulet of reflection (around neck)
Wands
 d - a wand of enslavement (15)
Scrolls
 i - 2 scrolls of remove curse
 j - a scroll of amnesia
Potions
 c - 2 potions of curing
 k - a potion of haste
 m - a potion of degeneration
 q - a potion of berserk rage {unknown}
Comestibles
 f - 3 rations


   Skills:
 - Level 1.0 Fighting
 + Level 1.4 Axes
   Level 1.7 Crossbows
 - Level 1.5 Armour
 - Level 2.4 Dodging
 - Level 5.4 Stealth
 + Level 1.1 Shields
 - Level 1.0 Evocations


You had 3 spell levels left.
You didn't know any spells.
Your spell library was empty.

Dungeon Overview and Level Annotations

Branches:
Dungeon (4/15)
 Temple: D:4-7

Altars:
Xom

Annotations:
D:3 exclusion: orc priest


Innate Abilities, Weirdness & Mutations

You cannot wear boots.
Your serpentine skin is tough. (AC +1)
You have supernaturally acute eyesight. (SInv)
Armour fits poorly on your strangely shaped body.
Your system is resistant to poisons. (rPois)
You cover ground very slowly.
You have a slow metabolism.
You can spit poison.


Message History

You have got your breath back.
You see here a ring mail.
The orc priest invokes the aid of Beogh against you.
Beogh smites you!
* * * LOW HITPOINT WARNING * * *
The orc wizard gestures wildly while chanting.
The orc wizard blinks!
Okay, then.
It was a potion of agility.
You feel agile all of a sudden.
It was a potion of resistance.
You feel protected.
It was a potion of ambrosia.
You are confused.
You feel invigorated.
The orc wizard mumbles some strange words.
The orc wizard blinks!
The orc priest invokes the aid of Beogh against you.
Beogh smites you!
You die...

##.####### !##
.........######oo.
###.####.####.#.[o.o(..
# ...
..#.####.#.#######
##.##.##.#.#......#
...#...#.#.#.##.###
#.......o...o..#
###.......########
........ยง@#
###.......# .........##
####...## #..o...#
###.##.#.# #.(....#.#
#(....##.# #......#.#


You could see an orc priest and an orc wizard.

Vanquished Creatures
  An orc priest (D:3)
  A gnoll (D:1)
  2 dart slugs
  A leopard gecko (D:1)
  2 orcs (D:3)
  6 bats
  A giant cockroach (D:2)
  5 goblins
  7 hobgoblins
  A ball python (D:3)
  6 frilled lizards
  4 kobolds
  4 rats
41 creatures vanquished.

Notes
Turn   | Place    | Note
-------+----------+-------------------------------------------
     0 | D:1      | MajorAdolf the Naga Wanderer began the quest for the Orb.
     0 | D:1      | MajorAdolf set off with the following items: a +0 club, a
                  | +0 ring mail, a potion of curing, a wand of enslavement
                  | (15), a ration
     0 | D:1      | Reached XP level 1. HP: 18/18 MP: 1/1
    75 | D:1      | Reached skill level 2 in Stealth
   228 | D:1      | Reached skill level 3 in Stealth
   236 | D:1      | Reached XP level 2. HP: 23/25 MP: 2/2
   282 | D:1      | Reached skill level 4 in Stealth
   618 | D:1      | Reached XP level 3. HP: 31/31 MP: 3/3
  1108 | D:1      | Reached skill level 5 in Stealth
  1591 | D:2      | Found a shimmering altar of Xom.
  2215 | D:3      | Reached skill level 1 in Axes
  2215 | D:3      | Reached skill level 1 in Shields
  2215 | D:3      | Reached XP level 4. HP: 18/38 MP: 4/4
  2339 | D:3      | Noticed an ogre
  2676 | D:4      | Killed from afar by an orc priest

Levels and vault maps discovered:
D:1:      psy_arrival_basics, layout_basic, hex_medium, serial_park_tiny_2
D:2:      layout_loops_ring, xom_teletrap_fun
D:3:      layout_basic, first_ration, cheibrodos_sewer_entry_sluice
D:4:      layout_loops_cross, sigmund_army

Skill      XL: |  1  2  3 |
---------------+----------+-----
Stealth        | 3 4 5 |  5.4
Axes           | 1 |  1.4
Shields        | 1 |  1.1
Fighting       | |  1.0
Crossbows      | |  1.7
Armour         | |  1.5
Dodging        | |  2.4
Evocations     | |  1.0

Action                   |  1- 3 |  4- 6 || total
-------------------------+-------+-------++-------
Melee: Dagger            |     1 |       ||     1
       Whip              |    42 |    10 ||    52
 Abil: Spit Poison       |    33 |     6 ||    39
  Use: Scroll            |     6 |     2 ||     8
       Potion            |       |     3 ||     3
 Stab: Sleeping          |     3 |       ||     3
  Eat: Chunk             |     4 |       ||     4
       Ration            |       |     1 ||     1
Armor: Skin              |     6 |       ||     6
Dodge: Dodged            |     8 |     1 ||     9
Block: Large shield      |    22 |     5 ||    27
